 Dungeon Crawl Stone Soup version 0.21-a0-460-g737a915 (webtiles) character file.

39 kiturien the Stinger (level 3, -2/21 HPs)
             Began as an Octopode Venom Mage on Nov 20, 2017.
             Slain by a worm (4 damage)
             ... on level 1 of the Dungeon.
             The game lasted 00:04:03 (1199 turns).

kiturien the Stinger (Octopode Venom Mage)          Turns: 1199, Time: 00:04:04

Health: -2/21      AC:  1    Str:  7    XL:     3   Next: 47%
Magic:  2/6        EV: 13    Int: 18    God:
Gold:   78         SH:  0    Dex: 12    Spells: 5/6 levels left

rFire    . . .     SeeInvis .   (no weapon)
rCold    . . .     Gourm    .   (no shield)
rNeg     . . .     Faith    .   (helmet restricted)
rPois    .         Spirit   .   (no amulet)
rElec    .         Reflect  .   (no ring)
rCorr    .         Harm     .   (no ring)
MR       .....                  (no ring)
Stlth    +++.......             (no ring)
HPRegen  0.07/turn              (no ring)
MPRegen  0.10/turn              (no ring)
                                (no ring)
                                (no ring)

@: no status effects
A: almost no armour, stealthy swim, amphibious, 8 rings, constrict 8, camouflage
1, gelatinous body 1
a: no special abilities


You were on level 1 of the Dungeon.
You were not hungry.

You visited 1 branch of the dungeon, and saw 2 of its levels.

You collected 78 gold pieces.

Inventory:

Missiles
 d - 65 stones (quivered)
Books
 a - a Young Poisoner's Handbook

   Spells                             Type                      Level
   a - Sting                          Conjuration/Poison           1
   b - Poisonous Vapours              Poison/Air                   2
   c - Mephitic Cloud                 Conjuration/Poison/Air       3
   d - Olgreb's Toxic Radiance        Poison                       4
   e - Venom Bolt                     Conjuration/Poison           5
Comestibles
 b - a bread ration


   Skills:
 - Level 2.0 Dodging
 - Level 2.6 Stealth
 - Level 2.0 Spellcasting
 - Level 1.0 Conjurations
 + Level 5.3 Poison Magic


You had 5 spell levels left.
You knew the following spells:

 Your Spells              Type           Power        Failure   Level  Hunger
a - Sting                 Conj/Pois      ##..         4%          1    #......


Dungeon Overview and Level Annotations

Branches:
Dungeon (2/15)

Altars:


Innate Abilities, Weirdness & Mutations

You cannot wear most types of armour.
You are very stealthy in the water. (Stealth+)
You are amphibious.
You can wear up to eight rings at the same time.
You can use your tentacles to constrict eight enemies at once.
Your skin changes colour to match your surroundings (Stealth+).
Your rubbery body absorbs attacks. (AC +1, EV +1)


Message History

The sting hits the worm.
The worm is moderately wounded.
You constrict the worm.
Casting: Sting
Confirm with . or Enter, or press ? or * to list all spells.
Aiming: Sting
Press: ? - help, Shift-Dir - straight line, f/p - worm
Aim: a worm (heavily wounded, constricted by you, poisoned)
The sting hits the worm.
The worm is severely wounded.
You constrict the worm. The worm bites you!
Ouch! That really hurt!
* * * LOW HITPOINT WARNING * * *
You tentacle-slap the worm.
The worm is severely wounded.
You constrict the worm.
You tentacle-slap the worm but do no damage.
The worm is severely wounded.
You constrict the worm. The worm bites you.
You die...

#.# #.# #.#.###### #.# #.#
#.#......#
#.#######.#####.####...#
.......................#
#.#..####.#####.####...#
#.......#.# #..#..>#.###
#.###.###.# ##.#.###...#
#.#..#..#.# #.#.# ###.##
#.#..+..#.### #@#.# #..#
#.#######...# ##w..# ##.#
#.......#...# #..### #.#
##.#'#..#...# #..#### #.#
##.#..#.#...###.....# ###.#
#..#..#.#...##..###.###...#
#.#####.#...##.####.##..###
#.......#...##.###.....##
##......#...........####


You could see a worm.

Vanquished Creatures
  2 adders
  A giant cockroach (D:2)
  5 goblins
  5 hobgoblins
  3 bats (D:1)
  3 frilled lizards (D:1)
  3 kobolds
22 creatures vanquished.

Notes
Turn   | Place    | Note
-------+----------+-------------------------------------------
     0 | D:1      | kiturien the Octopode Venom Mage began the quest for the Orb.
     0 | D:1      | Reached XP level 1. HP: 11/11 MP: 3/3
    97 | D:1      | Reached skill level 4 in Poison Magic
   257 | D:1      | Reached XP level 2. HP: 17/17 MP: 0/5
   754 | D:2      | Reached skill level 5 in Poison Magic
   754 | D:2      | Reached XP level 3. HP: 12/21 MP: 1/6
  1199 | D:1      | Slain by a worm

Vault maps used:
D:1:      dpeg_arrival_erosion
D:2:      first_bread, mrwooster_statue_mirror

Skill      XL: |  1  2 |
---------------+-------+-----
Poison Magic   | 4 5 |  5.3
Dodging        | |  2.0
Stealth        | |  2.6
Spellcasting   | |  2.0
Conjurations   | |  1.0

Action                   || total
-------------------------++-------
Melee: Unarmed           ||    30
       Constrict         ||     8
       Tentacles         ||     6
 Cast: Sting             ||    40
  Use: Potion            ||     2
       Scroll            ||     1
 Stab: Sleeping          ||     1
  Eat: Chunk             ||     1
Armor: Skin              ||     1
Dodge: Dodged            ||    20

Table legend:
 A = Spawn XP
 B = Non-spawn XP
 C = Spawn XP percentage of total XP
 D = Spawn monster count
 E = Non-spawn monster count
 F = Spawn count percentage of total count
 G = Total turns spent on level
                    A         B        C        D         E        F      G
               +---------+---------+-------+---------+---------+-------+---------
         Total |       0 |      57 |   0.0 |       0 |      22 |   0.0 |  1199
               +---------+---------+-------+---------+---------+-------+---------
           D:1 |       0 |      37 |   0.0 |       0 |      17 |   0.0 |   973
           D:2 |       0 |      20 |   0.0 |       0 |       5 |   0.0 |   226
               +---------+---------+-------+---------+---------+-------+---------
